 Dungeon Crawl Stone Soup version 0.29.0-15-g675c0067aa (webtiles) character file.

Game seed: 5913980001908275130

56 groovy9 the Ogre Mage (level 3, 31/31 HPs)
             Began as an Ogre Hedge Wizard on Sept 11, 2022.
             Quit the game on level 2 of the Dungeon.
             The game lasted 00:09:31 (2151 turns).

groovy9 the Ogre Mage (Ogre Hedge Wizard)           Turns: 2151, Time: 00:09:32

Health: 31/31      AC:  7    Str: 14    XL:     3   Next: 95%
Magic:  8/8        EV:  9    Int: 17    God:
Gold:   52         SH:  0    Dex:  8    Spells: 7/10 levels left

rFire   . . .      SeeInvis .   e - +1 glaive (flame)
rCold   . . .      Faith    .   (shield currently unavailable)
rNeg    . . .      Spirit   .   b - +0 robe
rPois   .          Reflect  .   c - +2 hat
rElec   .          Harm     .   j - +1 cloak
rCorr   .          Rampage  .   (gloves unavailable)
Will    .....                   (boots unavailable)
Stlth   +.........              (no amulet)
HPRegen 0.10/turn               (no ring)
MPRegen 0.11/turn               (no ring)

@: no status effects
A: large, unfitting armour, tough skin 1
a: no special abilities


You were on level 2 of the Dungeon.
You visited 1 branch of the dungeon, and saw 2 of its levels.

You collected 52 gold pieces.

Inventory:

Hand Weapons
 a - a +0 dagger
 e - a +1 glaive of flaming (weapon)
Armour
 b - a +0 robe (worn)
 c - a +2 hat (worn)
 j - a +1 cloak (worn)
Scrolls
 i - a scroll of silence {unknown}
 k - a scroll of teleportation
 l - a scroll of immolation {unknown}
 m - a scroll of fog {unknown}
 n - a scroll of noise {unknown}
Potions
 d - a potion of magic
 f - 3 potions of degeneration {unknown}
 g - a potion of invisibility {unknown}
 h - a potion of heal wounds {unknown}


   Skills:
 + Level 1.8 Polearms
 - Level 1.7 Dodging
 - Level 1.4 Stealth
 + Level 4.3 Spellcasting
 + Level 1.9 Conjurations
 - Level 0.8 Summonings
 - Level 0.8 Translocations


You had 7 spell levels left.
You knew the following spells:

 Your Spells              Type           Power      Damage    Failure   Level
a - Magic Dart            Conj           40%        1d5       7%          1
b - Blink                 Tloc           12%        N/A       16%         2

Your spell library contained the following spells:

 Spells                   Type           Power      Damage    Failure   Level
 Slow                     Hex            12%        N/A       16%         1
 Call Imp                 Summ           6%         N/A       16%         2
 Conjure Flame            Conj/Fire      7%         6-21      30%         3
 Dazzling Flash           Conj/Hex       14%        N/A       30%         3
 Mephitic Cloud           Conj/Pois/Air  5%         N/A       34%         3
 Iskenderun's Mystic Bla  Conj/Tloc      8%         2d4       63%         4
 Starburst                Conj/Fire      3%         6d3       100%        6


Dungeon Overview and Level Annotations

Branches:
Dungeon (2/15)

Altars:


Innate Abilities, Weirdness & Mutations

You are too large for most types of armour.
You have tough skin. (AC +1)


Message History

You kill the dart slug!
Found a stone staircase leading down.
A quokka comes into view.
The magic dart hits the quokka.
The quokka is moderately wounded.
The magic dart hits the quokka.
The quokka is severely wounded.
The magic dart hits the quokka.
You kill the quokka!
n - a scroll labelled WOLEHY ROAMUS
Found a stone staircase leading up.
Done exploring.
Done exploring.
Search for what [Enter for "."]?
There is a stone staircase leading down here.
There is a stone staircase leading up here.
You climb upwards.
There is a stone staircase leading down here.
There is an escape hatch in the floor here.
You slide downwards.
The hatch slams shut behind you.
There is a stone staircase leading up here.
You climb upwards.
There is a stone staircase leading down here.
There is a stone staircase leading down here.
You climb downwards.
There is a stone staircase leading up here.
You climb upwards.
There is a stone staircase leading down here.
There is a stone staircase leading down here.
You climb downwards.
There is a stone staircase leading up here.
There is a stone staircase leading down here.
Saving game... please wait.
Welcome back, groovy9 the Ogre Hedge Wizard.
Press ? for a list of commands and other information.
Memorise Blink, consuming 2 spell levels and leaving 7?
You start memorising the spell.
You continue memorising. x2
You finish memorising.
Spell assigned to 'b'.
Okay, then.
Are you sure you want to abandon this character and quit the game? (Confirm with "yes".)

.............#.#########
.............#.##......##
...#..####.....#.....>..##
...#..# #####...........#
...#.## #...........#
..##.# #...........#
.###.# #...........# ##
#.# #...........# #.#
#..@.......## #.#
##..........# #.#
#..........# #.#
#..........# #.#
#..........# #.#
#..........# #.#
##........## #.#
##.<....## ### ########


There were no monsters in sight!

Vanquished Creatures
  A worm (D:2)
  2 dart slugs
  2 endoplasms (D:1)
  4 goblins
  8 hobgoblins
  5 quokkas
  8 ball pythons
  6 bats
  5 kobolds
  4 rats
45 creatures vanquished.

Notes
Turn   | Place    | Note
-------+----------+-------------------------------------------
     0 | D:1      | groovy9 the Ogre Hedge Wizard began the quest for the Orb.
     0 | D:1      | Reached XP level 1. HP: 16/16 MP: 5/5
   133 | D:1      | Reached skill level 1 in Conjurations
   299 | D:1      | Reached XP level 2. HP: 22/24 MP: 0/6
   463 | D:1      | Reached skill level 1 in Polearms
   614 | D:1      | Reached skill level 4 in Spellcasting
   806 | D:1      | Found a faded altar of an unknown god.
   976 | D:1      | Reached XP level 3. HP: 31/31 MP: 3/8
  2151 | D:2      | Learned a level 2 spell: Blink
  2151 | D:2      | Quit the game

Illustrated notes

Levels and vault maps discovered:
D:1:      nicolae_arrival_memento_mori, layout_loops_ring,
          chequers_ecumenical_altar_twisty, minmay_pentomino_z4
D:2:      cheibrodos_helix_gallery, layout_rooms, due_unseen_surprise

Skill      XL: |  1  2 |
---------------+-------+-----
Conjurations   | 1 |  1.9
Polearms       | 1 |  1.8
Spellcasting   | 4 |  4.3
Dodging        | |  1.7
Stealth        | |  1.4
Summonings     | |  0.8
Translocations | |  0.8

Action                   || total
-------------------------++-------
Melee: Dagger            ||     6
       Glaive            ||    39
 Cast: Magic Dart        ||    92
  Use: Scroll            ||     5
Armor: Robe              ||    31
Dodge: Dodged            ||    35
